 Dungeon Sprint DCSS version 0.27.1-1-g398f81649c (webtiles) character file.

Game seed: 7386258349253229631

680 boopmooplesden the Protected (level 7, -3/72 HPs)
             Began as a Minotaur Fighter on Sept 15, 2021.
             Was a Believer of Okawaru.
             Slain by a flayed ghost (21 damage)
             ... in the Dungeon (Sprint VII: "The Pits").
             The game lasted 00:01:28 (631 turns).

boopmooplesden the Protected (Minotaur Fighter)      Turns: 631, Time: 00:01:29

Health: -3/72      AC: 15    Str: 22    XL:     7   Next: 34%
Magic:  5/6        EV:  7    Int:  5    God:    Okawaru [**....]
Gold:   0          SH: 12    Dex: 10    Spells: 6/6 levels left

rFire    . . .     SeeInvis .   p - +0 long sword (flame)
rCold    . . .     Faith    .   c - +0 kite shield
rNeg     . . .     Spirit   .   o - +3 chain mail
rPois    .         Reflect  .   (helmet restricted)
rElec    .         Harm     .   (no cloak)
rCorr    .         Rampage  .   (no gloves)
Will     .....     NoTele   +   (no boots)
Stlth    ..........             (no amulet)
HPRegen  0.22/turn              (no ring)
MPRegen  0.10/turn              (no ring)

@: flayed
A: horns 2, retaliatory headbutt
a: Renounce Religion, Heroism


You were in the Dungeon.
You worshipped Okawaru.
Okawaru was pleased with you.
You visited 1 branch

Inventory:

Hand Weapons
 a - a +0 long sword
 k - a +2 falchion
 p - a +0 long sword of flaming (weapon)
Armour
 b - a +0 scale mail
 c - a +0 kite shield (worn)
 o - a +3 chain mail (worn)
Scrolls
 j - a scroll of blinking
 m - 5 scrolls of amnesia
 n - a scroll of summoning
Potions
 d - a potion of might
 e - 6 potions of curing
 f - 4 potions of heal wounds
 g - a potion of haste
 h - 4 potions of magic
 i - 3 potions of berserk rage
 l - 2 potions of invisibility


   Skills:
 + Level 10.1 Fighting
 + Level 9.3 Long Blades
 + Level 11.1 Armour
 + Level 0.4 Dodging
 + Level 10.0 Shields


You had 6 spell levels left.
You didn't know any spells.
Your spell library was empty.

Dungeon Overview and Level Annotations

Branches:
Dungeon (1/1)

Altars:
Ashenzari
Cheibriados
Dithmenos
Elyvilon
Fedhas
Gozag
Hepliaklqana
Kikubaaqudgha
Makhleb
Nemelex Xobeh
Okawaru
Qazlal
Ru
Sif Muna
Trog
Uskayaw
Vehumet
Wu Jian
Xom
Yredelemnul
Zin
The Shining One
Beogh
Jiyva
Lugonu


Innate Abilities, Weirdness & Mutations

You have a pair of horns on your head.
You reflexively headbutt those who attack you in melee.


Message History

You slash the flayed ghost! You burn the flayed ghost.
You headbutt the flayed ghost.
The flayed ghost is severely damaged.
Something hits you.
You hit the flayed ghost. You burn the flayed ghost.
The flayed ghost is severely damaged.
Something hits you!
* * * LOW HITPOINT WARNING * * *
Something hits you but does no damage.
The flayed ghost hits you but does no damage.
You block the worm's attack.
You feel much better. Something hits you. The flayed ghost barely misses you.
You barely miss the flayed ghost.
The flayed ghost is severely damaged.
You feel like a meek peon again. The worm bites you!
Something hits you but does no damage. The flayed ghost hits you!
* * * LOW HITPOINT WARNING * * *
You hit the flayed ghost. You burn the flayed ghost.
The flayed ghost is almost destroyed.
Something hits you but does no damage.
The flayed ghost cries, "Feel what I felt!"
Terrible wounds spread across more of your body!
* * * LOW HITPOINT WARNING * * *
You block the worm's attack.
You feel much better. Something hits you but does no damage.
The flayed ghost stares at you with tortured malice.
Terrible wounds spread across more of your body!
You barely miss the flayed ghost.
The flayed ghost is severely damaged.
Something hits you but does no damage. x2
The flayed ghost cries, "Feel what I felt!"
Terrible wounds spread across more of your body!
The worm completely misses you. You furiously retaliate!
You headbutt the worm! You closely miss the flayed ghost.
The flayed ghost is severely damaged.
Something hits you.
* * * LOW HITPOINT WARNING * * *
The flayed ghost hits you!!
You die...

#.#.....#'###...<...#
#)#........##.......#
#)#........##.......#
#'###########.......#
#..#.#.##..##########
#.......#)######
##.#.#.##.#....#
#.......#)#....#
##.#.#.##.@W...+
#.......#'#w...#
##.#.#..')#....#
###############


You could see a flayed ghost and a worm.

Vanquished Creatures
  A ynoxinul (D)
  A warg (D)
  A floating eye (D)
  An orc warrior (D)
  A gnoll sergeant (D)
  An orc priest (D)
  A quasit (D)
  An iron imp (D)
  Ijyb (D)
  3 gnolls (D)
  3 orcs (D)
  3 bats (D)
  An endoplasm (D)
  A quokka (D)
  2 frilled lizards (D)
  A kobold (D)
  A rat (D)
24 creatures vanquished.

Notes
Turn   | Place    | Note
-------+----------+-------------------------------------------
     0 | D        | boopmooplesden the Minotaur Fighter began the quest for the
                  | Orb.
     0 | D        | Reached XP level 1. HP: 19/19 MP: 0/0
    36 | D        | Found a glowing golden altar of the Shining One.
    36 | D        | Found a glowing silver altar of Zin.
    36 | D        | Found a basalt altar of Yredelemnul.
    36 | D        | Found a shimmering altar of Xom.
    36 | D        | Found an ornate altar of the Wu Jian Council.
    36 | D        | Found a bloodstained altar of Trog.
    36 | D        | Found a shimmering blue altar of Sif Muna.
    36 | D        | Found a sacrificial altar of Ru.
    36 | D        | Found a stormy altar of Qazlal.
    36 | D        | Found an iron altar of Okawaru.
    36 | D        | Found a sparkling altar of Nemelex Xobeh.
    36 | D        | Found a burning altar of Makhleb.
    36 | D        | Found a viscous altar of Jiyva.
    36 | D        | Found a hazy altar of Hepliaklqana.
    36 | D        | Found an opulent altar of Gozag.
    36 | D        | Found a blossoming altar of Fedhas.
    36 | D        | Found a white marble altar of Elyvilon.
    36 | D        | Found a shadowy altar of Dithmenos.
    36 | D        | Found a snail-covered altar of Cheibriados.
    38 | D        | Found a corrupted altar of Lugonu.
    38 | D        | Found a radiant altar of Vehumet.
    39 | D        | Found an ancient bone altar of Kikubaaqudgha.
    39 | D        | Found a hide-covered altar of Uskayaw.
    39 | D        | Found a broken altar of Ashenzari.
    43 | D        | Became a worshipper of Warmaster Okawaru
    60 | D        | Reached skill level 4 in Armour
    64 | D        | Noticed a floating eye
    67 | D        | Killed a floating eye
    68 | D        | Reached skill level 7 in Armour
    68 | D        | Reached XP level 2. HP: 28/31 MP: 1/1
    68 | D        | Reached XP level 3. HP: 34/38 MP: 2/2
    68 | D        | Reached XP level 4. HP: 41/45 MP: 3/3
   151 | D        | Noticed a warg
   151 | D        | Noticed a gnoll sergeant
   151 | D        | Noticed Ijyb
   161 | D        | Killed a warg
   161 | D        | Reached * piety under Okawaru
   162 | D        | Reached skill level 5 in Long Blades
   162 | D        | Reached skill level 8 in Armour
   162 | D        | Reached XP level 5. HP: 26/55 MP: 4/4
   165 | D        | Reached skill level 9 in Armour
   170 | D        | Killed Ijyb
   171 | D        | Reached XP level 6. HP: 31/62 MP: 2/5
   180 | D        | Reached skill level 10 in Armour
   398 | D        | Noticed a ynoxinul
   405 | D        | Killed a ynoxinul
   405 | D        | Reached ** piety under Okawaru
   406 | D        | Reached XP level 7. HP: 68/71 MP: 6/6
   417 | D        | Reached skill level 10 in Fighting
   417 | D        | Reached skill level 11 in Armour
   417 | D        | Reached skill level 10 in Shields
   612 | D        | Noticed a flayed ghost
   631 | D        | Slain by a flayed ghost

Illustrated notes

Levels and vault maps discovered:
D:        pitsprint [storerooms_1, entrance_room_1, metal_vault_6, armoury_2,
          mini_pit_1, grid_room_1, main_hall_1, silver_pit, the_coven_2,
          the_vestibule_1, steel_vault_2, golden_pit, hallway_of_sentries,
          crystal_vault_1, iron_vault_5, final_vault]

Skill      XL: |  1  2  3  4  5  6  7 |
---------------+----------------------+-----
Fighting       | 6 8 9 10 | 10.1
Armour         | 7 8 9 10 11 | 11.1
Shields        | 6 8 9 10 | 10.0
Long Blades    | 4 5 6 8 9 |  9.3
Dodging        | |  0.4

Action                   |  1- 3 |  4- 6 |  7- 9 || total
-------------------------+-------+-------+-------++-------
Melee: Long sword        |     8 |    44 |    23 ||    75
       Headbutt          |     3 |     8 |     4 ||    15
Invok: Heroism           |       |     1 |     1 ||     2
  Use: Potion            |       |       |     2 ||     2
Armor: Scale mail        |     2 |     3 |       ||     5
       Chain mail        |       |    16 |    14 ||    30
Dodge: Dodged            |     3 |    11 |     6 ||    20
Block: Kite shield       |     1 |    28 |     9 ||    38
       Rpst.: Long sword |     1 |     3 |       ||     4
